 Dungeon Sprint DCSS version 0.29-a0-284-gf9362112df (webtiles) character file.

Game seed: 10189590739643401830

252381 mhtbhm the Minotaur Porcupine (level 17, -14/286 HPs)
             Began as a Minotaur Berserker on Mar 28, 2022.
             Was the Champion of Trog.
             Demolished by a rockslime (29 damage)
             ... created by the Royal Jelly
             ... in the Dungeon (Sprint III: "The Ten Rune Challenge") on Mar 29, 2022.
             The game lasted 00:35:20 (15988 turns).

mhtbhm the Minotaur Porcupine (Minotaur Berserker) Turns: 15988, Time: 00:35:20

Health: -14/286    AC: 23    Str: 31    XL:     17   Next: 31%
Magic:  25/25      EV: 18    Int:  6    God:    Trog [******]
Gold:   3725       SH:  0    Dex: 13    Spells: 16/16 levels left

rFire   . . .      SeeInvis +   a - +12 glaive of Exquisite Death {vorpal, Stlth+}
rCold   + + +      Faith    .   (shield currently unavailable)
rNeg    . . .      Spirit   .   b - +1 plate armour of the Trombone {-Tele rElec rPois}
rPois   +          Reflect  .   u - +2 hat {Will+}
rElec   +          Harm     .   A - scarf {shadows}
rCorr   +          Rampage  +   z - +1 pair of gloves
Will    +++++      Clarity  +   C - +1 pair of boots of Hasontem {Rampage MP+9}
Stlth   .......... NoTele   +   P - amulet of the acrobat
HPRegen 1.57/turn               B - ring of Irrepressible Laughter {+Blink rC+++ rCorr Str-2 Dex+2}
MPRegen 0.19/turn               N - ring of Qukkuaj {Will+ rCorr Str+4 Int+2}

@: mighty, berserking (expiring), strong-willed, corroded, regenerating, hasted,
studying Slings, very quick
A: horns 2, retaliatory headbutt, talons 1, see invisible, clarity, poison
resistance
}: 5/10 runes: serpentine, barnacled, silver, golden, demonic
a: Renounce Religion, Evoke Blink, Berserk, Trog's Hand, Brothers in Arms


You were in the Dungeon.
You worshipped Trog.
Trog was exalted by your worship.
You visited 1 branch You collected 6134 gold pieces.
You spent 2409 gold pieces at shops.

Inventory:

Hand Weapons
 a - the +12 glaive of Exquisite Death (weapon) {vorpal, Stlth+}
   (Trog gifted it to you in the Dungeon)

   It inflicts extra damage upon your enemies.
   Stlth:     It makes you more stealthy.
 d - a +5 sacred scourge of holy wrath
 W - the +12 glaive of Ambiguity {flame, Will+ Str+5}
   (Trog gifted it to you in the Dungeon)

   It burns those it strikes, dealing additional fire damage.
   Big, fiery blades are also staple armaments of hydra-hunters.
   Str:       It affects your strength (+5).
   Will:      It increases your willpower.
 Y - the +6 arbalest "Damnation" {damnation}
   (You found it in the Dungeon)

   Any ammunition fired from it explodes in a burst of damnation on striking a
   foe, dealing damage which bypasses armour.
Missiles
 n - 10 silver javelins (quivered)
 x - 7 curare-tipped darts
Armour
 b - the +1 plate armour of the Trombone (worn) {-Tele rElec rPois}
   (You found it in the Dungeon)

   rElec:     It insulates you from electricity.
   rPois:     It protects you from poison.
   -Tele:     It prevents most forms of teleportation.
 u - a +2 hat of willpower (worn)
 z - a +1 pair of gloves (worn)
 A - a scarf of shadows (worn)
 C - the +1 pair of boots of Hasontem (worn) {Rampage MP+9}
   (You acquired it in the Dungeon)

   MP:        It affects your magic capacity (+9).
   Rampage:   It bestows one free step when moving towards enemies.
 R - a +2 tower shield of reflection
Jewellery
 y - a ring of flight
 B - the ring of Irrepressible Laughter (left hand) {+Blink rC+++ rCorr Str-2 Dex+2}
   (You found it in the Dungeon)

   [ring of resist corrosion]

   Str:       It affects your strength (-2).
   Dex:       It affects your dexterity (+2).
   rC:        It renders you almost immune to cold.
   +Blink:    It lets you blink.
   rCorr:     It protects you from acid and corrosion.
 K - the ring of the Sun {rN+ Will+ Str+5 Int+2 Slay-6}
   (You found it in the Dungeon)

   [ring of willpower]

   Str:       It affects your strength (+5).
   Int:       It affects your intelligence (+2).
   Slay:      It affects your accuracy & damage with ranged weapons and melee
   (-6).
   rN:        It protects you from negative energy.
   Will:      It increases your willpower.
 L - the ring of Aquel {rPois rN+ Str+3 Int+4}
   (You found it in the Dungeon)

   [ring of positive energy]

   Str:       It affects your strength (+3).
   Int:       It affects your intelligence (+4).
   rPois:     It protects you from poison.
   rN:        It protects you from negative energy.
 N - the ring of Qukkuaj (right hand) {Will+ rCorr Str+4 Int+2}
   (You found it in the Dungeon)

   [ring of resist corrosion]

   Str:       It affects your strength (+4).
   Int:       It affects your intelligence (+2).
   rCorr:     It protects you from acid and corrosion.
   Will:      It increases your willpower.
 P - an amulet of the acrobat (around neck)
 X - the amulet of Temperance {Faith rPois rCorr Int-2}
   (You found it in the Dungeon)

   [amulet of faith]

   It allows you to gain divine favour quickly.
   Int:       It affects your intelligence (-2).
   rPois:     It protects you from poison.
   rCorr:     It protects you from acid and corrosion.
Wands
 j - a wand of flame (20)
 G - a wand of mindburst (13)
 O - a wand of iceblast (4)
 U - a wand of digging (3)
 Z - a wand of paralysis (5)
Scrolls
 h - 2 scrolls of blinking
 i - 2 scrolls of holy word
 q - 3 scrolls of enchant weapon
 v - a scroll of summoning
 I - 5 scrolls of enchant armour
 J - a scroll of silence
 S - a scroll of immolation
 V - 3 scrolls of acquirement
Potions
 c - a potion of ambrosia
 f - 2 potions of magic
 g - a potion of berserk rage
 k - a potion of cancellation
 l - 7 potions of flight
 m - 3 potions of mutation
 p - a potion of might
 r - a potion of heal wounds
 w - 6 potions of curing
 F - a potion of invisibility
 H - a potion of attraction
Miscellaneous
 o - a phial of floods
 E - a tin of tremorstones (2/2)
 T - the horn of Geryon


   Skills:
 O Level 27 Fighting
 O Level 27 Polearms
 + Level 3.3 Throwing
 O Level 27 Armour
 + Level 23.1 Dodging
 O Level 27 Stealth
 * Level 12.5 Shields
 + Level 18.4 Evocations


You had 16 spell levels left.
You didn't know any spells.
Your spell library was empty.

Dungeon Overview and Level Annotations

Branches:
Dungeon (1/1)

Altars:
Cheibriados
Dithmenos
Elyvilon
Fedhas
Gozag
Hepliaklqana
Kikubaaqudgha
Makhleb
Nemelex Xobeh
Okawaru
Qazlal
Ru
Sif Muna
Trog
Uskayaw
Vehumet
Wu Jian
Xom
Yredelemnul
Zin
The Shining One
Beogh
Jiyva
Lugonu

Shops:
D [?=?[!(:!!!!:[?=!!(!(*[


Innate Abilities, Weirdness & Mutations

You have a pair of horns on your head.
You reflexively headbutt those who attack you in melee.
You have sharp toenails.
You have supernaturally acute eyesight. (SInv)
You possess an exceptional clarity of mind.
Your system is resistant to poisons. (rPois)


Message History

The acid blob is almost dead.
The rockslime hits you.
* * * LOW HITPOINT WARNING * * *
You stumble backwards!
You slice the acid blob like a ripe choko!!!
You feel the power of Trog in you as your rage grows.
You kill the acid blob!
That felt strangely unrewarding.
Unknown command.
You cut the rockslime into ribbons!!!
You feel the power of Trog in you as your rage grows.
You kill the rockslime!
That felt strangely unrewarding.
You hit the rockslime but do no damage. You completely miss the rockslime.
The rockslime barely misses you. You furiously retaliate!
You headbutt the rockslime! You hit the rockslime.
The rockslime is moderately wounded.
You slice the rockslime!!
You headbutt the rockslime, but do no damage.
The rockslime is almost dead.
The rockslime misses you.
You slice the rockslime!!
You kill the rockslime!
That felt strangely unrewarding.
You rampage towards the rockslime!
You slash the rockslime! You headbutt the rockslime!
The rockslime is moderately wounded.
The rockslime hits you!!
* * * LOW HITPOINT WARNING * * *
You stumble backwards!
Unknown command.
You slash the rockslime!
You headbutt the rockslime, but do no damage.
The rockslime is heavily wounded.
You slash the rockslime!
You headbutt the rockslime, but do no damage.
The rockslime is severely wounded.
The rockslime hits you!!
You die...

##.###### #.÷......
##.#...### #........
##.......## #########
##...J.J..(## ##.......
#....#J#JJ..# #........
#(.J##J##..(# #..######
##..#)φ:#J.## #...÷....
#(.J##J##J..# ##..÷....
#....#@#....# ########
##....(....## ##...))).
##.......## #∩...)...
###./.### #∩.######
##### #∩......†
##....... ########
##############*********
#.'..#.......#*≈,,,,,,,


You could see 2 acid blobs, 2 azure jellies, 6 rockslimes and a quicksilver
ooze.

Vanquished Creatures
  the Royal Jelly (D)
  Mennas (D)
  Mara (D)
  2 royal mummies (D)
  Sojobo (D)
  Boris (D)
  Sigmund (D)
  Geryon (D)
  A golden dragon (D)
  Nikola (D)
  Nellie (D)
  An iron giant (D)
  Rupert (D)
  A Hell Sentinel (D)
  A lich (D)
  3 deep elf blademasters (D)
  A titan (D)
  A quicksilver dragon (D)
  3 acid blobs (D)
  Polyphemus (D)
  An ancient champion (D)
  An Executioner (D)
  2 sphinxes (D)
  Gastronok (D)
  Chuck (D)
  Ilsuiw (D)
  2 shadow dragons (D)
  Roxanne (D)
  A draconian knight (D)
  6 azure jellies (D)
  A storm dragon (D)
  3 rockslimes (D)
  A nagaraja (D)
  A frost giant (D)
  2 fire giants (D)
  An iron dragon (D)
  A draconian shifter (D)
  4 war gargoyles (D)
  2 quicksilver oozes (D)
  4 stone giants (D)
  2 vampire knights (D)
  Azrael (D)
  2 dire elephants (D)
  Nessos (D)
  2 deep elf annihilators (D)
  A yellow draconian (D)
  A lorocyproca (D)
  A merfolk javelineer (D)
  An iron golem (D)
  9 mummy priests (D)
  A deep elf death mage (D)
  A deep elf high priest (D)
  3 yaktaur captains (D)
  A fire dragon (D)
  A naga warrior (D)
  2 hell beasts (D)
  2 hydras (D)
  An ogre mage (D)
  18 vault guards (D)
  Erica (D)
  3 centaur warriors (D)
  3 anacondas (D)
  4 death yaks (D)
  4 dancing weapons (D)
  2 iron elementals (D)
  3 orc high priests (D)
  Urug (D)
  2 sun demons (D)
  4 deep elf knights (D)
  2 soul eaters (D)
  9 skeletal warriors (D)
  2 anaconda zombies (D)
  A shadow wraith (D)
  A sea snake (shapeshifter) (D)
  A sea snake (D)
  A glowing orange brain (D)
  A spriggan druid (D)
  A death drake (D)
  2 obsidian statues (D)
  2 golden dragon zombies (D)
  A lindwurm (D)
  3 orc knights (D)
  A deep elf pyromancer (D)
  2 mana vipers (shapeshifter) (D)
  4 deep elf zephyrmancers (D)
  3 shining eyes (D)
  4 crystal guardians (D)
  2 oklob plants (D)
  2 ugly things (D)
  An orc sorcerer (D)
  A moth of wrath (shapeshifter) (D)
  An elephant (shapeshifter) (D)
  A shining eye (shapeshifter) (D)
  A guardian serpent (D)
  2 elephants (D)
  A stone giant skeleton (D)
  3 rust devils (D)
  8 statues (D)
  A molten gargoyle (D)
  Edmund (D)
  2 cane toads (D)
  5 black mambas (D)
  A rime drake (D)
  An unseen horror (D)
  14 yaktaurs (D)
  A komodo dragon (D)
  2 ice devils (D)
  3 wandering mushrooms (D)
  An anaconda simulacrum (D)
  15 guardian mummies (D)
  A queen bee (D)
  4 spriggan defenders (D)
  3 hornets (D)
  2 tyrant leeches (D)
  9 slime creatures (D)
  8 blink frogs (D)
  3 dream sheep (D)
  A shadow (D)
  2 spriggans (D)
  A golden eye (D)
  3 redbacks (D)
  2 nagas (D)
  A spatial vortex (D)
  2 iron troll simulacra (D)
  A hydra simulacrum (D)
  A floating eye (shapeshifter) (D)
  4 water moccasins (D)
  5 floating eyes (D)
  A swamp drake (D)
  A black mamba simulacrum (D)
  2 centaurs (D)
  An earth elemental (D)
  A necrophage (D)
  A water elemental (D)
  32 killer bees (D)
  4 electric eels (D)
  4 orc priests (D)
  A jelly (D)
  A wizard (D)
  Jessica (D)
  3 orc wizards (D)
  A necromancer (D)
  2 wolf simulacra (D)
  3 humans (D)
  A kobold demonologist (D)
  2 adders (D)
  A phantom (D)
  9 orcs (D)
  2 endoplasms (D)
  A rat (D)
  6 butterflies (D)
  6 plants (D)
391 creatures vanquished.

Vanquished Creatures (others)
  2 electric eels (D)
  3 ball lightnings (D)
  5 ballistomycete spores (D)
  A bush (D)
  35 plants (D)
46 creatures vanquished.

Grand Total: 437 creatures vanquished

Notes
Turn   | Place    | Note
-------+----------+-------------------------------------------
     0 | D        | mhtbhm the Minotaur Berserker began the quest for the Orb.
     0 | D        | Reached XP level 1. HP: 19/19 MP: 0/0
    13 | D        | Reached ** piety under Trog
    14 | D        | Noticed Jessica
    19 | D        | Killed Jessica
    20 | D        | Reached skill level 5 in Fighting
    20 | D        | Reached skill level 5 in Polearms
    20 | D        | Reached XP level 2. HP: 22/30 MP: 1/1
    20 | D        | Reached XP level 3. HP: 27/37 MP: 2/2
   277 | D        | Noticed a water elemental
   282 | D        | Killed a water elemental
   282 | D        | Reached *** piety under Trog
   283 | D        | Reached XP level 4. HP: 47/47 MP: 3/3
   349 | D        | Found a radiant altar of Vehumet.
   349 | D        | Found a shimmering blue altar of Sif Muna.
   349 | D        | Found an ancient bone altar of Kikubaaqudgha.
   349 | D        | Noticed a wizard
   354 | D        | Killed a wizard
   355 | D        | Reached **** piety under Trog
   356 | D        | Reached XP level 5. HP: 53/53 MP: 4/4
   497 | D        | Found a basalt altar of Yredelemnul.
   497 | D        | Found a shadowy altar of Dithmenos.
   497 | D        | Found a sacrificial altar of Ru.
   509 | D        | Reached skill level 10 in Polearms
   509 | D        | Reached skill level 5 in Armour
   607 | D        | Found a glowing silver altar of Zin.
   607 | D        | Found a glowing golden altar of the Shining One.
   607 | D        | Found a white marble altar of Elyvilon.
   607 | D        | Noticed a deep elf pyromancer
   613 | D        | Killed a deep elf pyromancer
   614 | D        | Reached XP level 6. HP: 70/70 MP: 5/5
   614 | D        | Reached XP level 7. HP: 75/75 MP: 6/6
   700 | D        | Found a hide-covered altar of Uskayaw.
   700 | D        | Found an iron altar of Okawaru.
   700 | D        | Found a bloodstained altar of Trog.
   700 | D        | Found an ornate altar of the Wu Jian Council.
   700 | D        | Noticed a human
   700 | D        | Noticed a human
   706 | D        | Killed a human
   706 | D        | Reached ***** piety under Trog
   710 | D        | Killed a human
   795 | D        | Reached skill level 1 in Stealth
   798 | D        | Noticed a shadow
   809 | D        | Killed a shadow
   810 | D        | Reached XP level 8. HP: 83/86 MP: 7/7
   852 | D        | Found a blossoming altar of Fedhas.
   852 | D        | Found a stormy altar of Qazlal.
   852 | D        | Found a snail-covered altar of Cheibriados.
   852 | D        | Found a burning altar of Makhleb.
   852 | D        | Found a shimmering altar of Xom.
   855 | D        | Found a hazy altar of Hepliaklqana.
   855 | D        | Found an opulent altar of Gozag.
   855 | D        | Found a sparkling altar of Nemelex Xobeh.
   855 | D        | Found a corrupted altar of Lugonu.
   855 | D        | Found a viscous altar of Jiyva.
   882 | D        | Noticed Erica
   898 | D        | Killed Erica
   898 | D        | Received a gift from Trog
   899 | D        | Reached skill level 15 in Polearms
  1168 | D        | Noticed a centaur warrior
  1172 | D        | Reached XP level 9. HP: 96/96 MP: 8/8
  1179 | D        | Killed a centaur warrior
  1180 | D        | Reached skill level 15 in Fighting
  1300 | D        | Killed an unseen horror
  1459 | D        | Noticed a wandering mushroom
  1463 | D        | Noticed a wandering mushroom
  1490 | D        | Killed a wandering mushroom
  1491 | D        | Noticed a wandering mushroom
  1506 | D        | Killed a wandering mushroom
  1530 | D        | Killed a wandering mushroom
  1594 | D        | Noticed a cane toad
  1594 | D        | Noticed a komodo dragon
  1594 | D        | Noticed a cane toad
  1602 | D        | Killed a cane toad
  1602 | D        | Identified the +12 glaive of Exquisite Death {vorpal,
                  | Stlth+} (Trog gifted it to you in the Dungeon)
  1602 | D        | Received a gift from Trog
  1607 | D        | Killed a cane toad
  1608 | D        | Reached XP level 10. HP: 110/110 MP: 9/9
  1797 | D        | Noticed an orc knight
  1809 | D        | Killed an orc knight
  1810 | D        | Noticed an orc sorcerer
  1814 | D        | Killed an orc sorcerer
  1814 | D        | Reached ****** piety under Trog
  1814 | D        | Received a gift from Trog
  1817 | D        | Found Vacemot's Magic Scroll Emporium.
  1817 | D        | Noticed an orc knight
  1817 | D        | Noticed an orc high priest
  1819 | D        | Noticed a sun demon
  1827 | D        | Received a gift from Trog
  1832 | D        | Killed an orc high priest
  1833 | D        | Reached skill level 10 in Armour
  1836 | D        | Killed an orc knight
  1891 | D        | Bought a scroll of enchant weapon for 97 gold pieces
  2068 | D        | Noticed a deep elf knight
  2068 | D        | Noticed a deep elf knight
  2068 | D        | Noticed a deep elf zephyrmancer
  2068 | D        | Noticed a deep elf knight
  2068 | D        | Noticed a deep elf zephyrmancer
  2076 | D        | Killed a deep elf zephyrmancer
  2078 | D        | Killed a deep elf knight
  2078 | D        | Received a gift from Trog
  2080 | D        | Killed a deep elf zephyrmancer
  2081 | D        | Reached XP level 11. HP: 122/122 MP: 10/10
  2086 | D        | Killed a deep elf knight
  2089 | D        | Killed a deep elf knight
  2130 | D        | Noticed a deep elf zephyrmancer
  2254 | D        | Identified the +1 glaive "Waepeufo" {vorpal, Will++} (Trog
                  | gifted it to you in the Dungeon)
  2254 | D        | Received a gift from Trog
  2269 | D        | Received a gift from Trog
  2278 | D        | Received a gift from Trog
  2292 | D        | Received a gift from Trog
  2422 | D        | Noticed a lindwurm
  2424 | D        | Killed a lindwurm
  2429 | D        | Received a gift from Trog
  2659 | D        | Noticed Urug
  2660 | D        | Killed Urug
  2671 | D        | Noticed an eight-headed hydra
  2671 | D        | Noticed an eight-headed hydra
  2679 | D        | Killed a 12-headed hydra
  2682 | D        | Killed a ten-headed hydra
  2770 | D        | Noticed a death drake
  2779 | D        | Killed a death drake
  3048 | D        | Noticed Polyphemus
  3060 | D        | Received a gift from Trog
  3067 | D        | Killed Polyphemus
  3068 | D        | Reached XP level 12. HP: 32/136 MP: 11/11
  3383 | D        | Noticed Ilsuiw
  3401 | D        | Killed Ilsuiw
  3402 | D        | Reached skill level 5 in Stealth
  3522 | D        | Found Joewa's Distillery.
  3529 | D        | Received a gift from Trog
  3536 | D        | Found Cohukh's Antique Weapon Shop.
  3538 | D        | Found Ustalagam's Book Shoppe.
  3539 | D        | Noticed a merfolk javelineer
  3567 | D        | Killed a merfolk javelineer
  3798 | D        | Got a barnacled rune of Zot
  3813 | D        | Bought a potion of heal wounds for 50 gold pieces
  4007 | D        | Received a gift from Trog
  4135 | D        | Noticed a dire elephant
  4135 | D        | Noticed a dire elephant
  4137 | D        | Noticed Gastronok
  4141 | D        | Killed a dire elephant
  4147 | D        | Killed a dire elephant
  4152 | D        | Killed Gastronok
  4202 | D        | Noticed an azure jelly
  4202 | D        | Noticed an azure jelly
  4202 | D        | Noticed an azure jelly
  4203 | D        | Noticed an azure jelly
  4215 | D        | Noticed Rupert
  4230 | D        | Killed Rupert
  4230 | D        | Received a gift from Trog
  4231 | D        | Reached skill level 10 in Dodging
  4231 | D        | Reached skill level 1 in Evocations
  4310 | D        | Noticed a death yak
  4311 | D        | Noticed a death yak
  4314 | D        | Noticed a death yak
  4319 | D        | Killed a death yak
  4319 | D        | Noticed a death yak
  4322 | D        | Killed a death yak
  4327 | D        | Killed a death yak
  4331 | D        | Killed a death yak
  4332 | D        | Reached skill level 15 in Armour
  4342 | D        | Received a gift from Trog
  4352 | D        | Reached XP level 13. HP: 53/150 MP: 12/12
  4732 | D        | Received a gift from Trog
  4846 | D        | Reached skill level 1 in Throwing
  4856 | D        | Noticed a nagaraja
  4858 | D        | Found Ahallunn's Antique Armour Boutique.
  4858 | D        | Found Pisyar's Magic Scroll Emporium.
  4865 | D        | Killed a nagaraja
  4869 | D        | Received a gift from Trog
  4870 | D        | Found Gerymy's Jewellery Shop.
  4918 | D        | Bought an ancient plate armour for 728 gold pieces
  4918 | D        | Identified the +1 plate armour of Gestures {Harm Dex+2}
                  | (You bought it in a shop in the Dungeon)
  4982 | D        | Got a serpentine rune of Zot
  5137 | D        | Noticed Sigmund
  5137 | D        | Noticed Edmund
  5142 | D        | Killed Edmund
  5144 | D        | Killed Sigmund
  5594 | D        | Found Muett's Distillery.
  5594 | D        | Found Ukood Yrghol's Antique Weapon Shop.
  5594 | D        | Found Dirhuoss's Antique Armour Shoppe.
  5594 | D        | Found Laivysar's Jewellery Boutique.
  5594 | D        | Found Omehiq's Distillery.
  5594 | D        | Found Roipp's General Store.
  5594 | D        | Found Edan's Antique Weapon Emporium.
  5594 | D        | Found Losesuit's Distillery.
  5595 | D        | Found Romawnur's Magic Scroll Boutique.
  5595 | D        | Found Timac's Armour Shoppe.
  5595 | D        | Found Ozxaow's Book Emporium.
  5637 | D        | Bought a ring of flight for 227 gold pieces
  5666 | D        | Received a gift from Trog
  5850 | D        | Noticed a fire dragon
  5852 | D        | Killed a fire dragon
  5977 | D        | Received a gift from Trog
  6000 | D        | Identified the ring of Irrepressible Laughter {+Blink rC+++
                  | rCorr Str-2 Dex+2}
  6124 | D        | Paralysed by a floating eye for 3 turns
  6165 | D        | Received a gift from Trog
  6249 | D        | Found the +7 sceptre of Torment {pain, torment}
  6250 | D        | Noticed Chuck
  6259 | D        | Killed Chuck
  6366 | D        | Reached skill level 27 in Polearms
  6367 | D        | Reached XP level 14. HP: 166/166 MP: 13/13
  6371 | D        | Noticed an ancient lich
  6499 | D        | Received a gift from Trog
  6508 | D        | Reached skill level 27 in Fighting
  7501 | D        | Noticed Azrael
  7504 | D        | Killed Azrael
  7505 | D        | Reached skill level 10 in Stealth
  7587 | D        | Killed an azure jelly
  7587 | D        | Received a gift from Trog
  7591 | D        | Killed an azure jelly
  7597 | D        | Killed an azure jelly
  7599 | D        | Killed an azure jelly
  7669 | D        | Received a gift from Trog
  7673 | D        | Identified the ring "Reulimm" {Fire Dex+3}
  7679 | D        | Identified the +1 plate armour of the Trombone {-Tele rElec
                  | rPois}
  7711 | D        | Found a blossoming altar of Fedhas.
  7784 | D        | Acquired 721 gold pieces
  7788 | D        | Acquired 1019 gold pieces
  7823 | D        | Bought a potion of haste for 120 gold pieces
  7823 | D        | Bought a potion of haste for 120 gold pieces
  7823 | D        | Bought a potion of might for 48 gold pieces
  7823 | D        | Bought a potion of heal wounds for 60 gold pieces
  7823 | D        | Bought a potion of invisibility for 96 gold pieces
  7828 | D        | Bought a potion of heal wounds for 60 gold pieces
  7828 | D        | Bought 2 potions of curing for 72 gold pieces
  7830 | D        | Bought a potion of might for 48 gold pieces
  7838 | D        | Bought a scroll of enchant weapon for 82 gold pieces
  7838 | D        | Bought a scroll of enchant armour for 82 gold pieces
  7838 | D        | Bought a scroll of magic mapping for 38 gold pieces
  7855 | D        | Paralysed by an air elemental for 1 turns
  7876 | D        | Received a gift from Trog
  7967 | D        | Noticed Boris
  7986 | D        | Killed Boris
  7986 | D        | Received a gift from Trog
  8175 | D        | Found Juurhit's Distillery.
  8175 | D        | Found Histubeco's Distillery.
  8175 | D        | Found Fetomn's Distillery.
  8175 | D        | Found Xiematuq's Distillery.
  8190 | D        | Noticed Roxanne
  8202 | D        | Killed Roxanne
  8202 | D        | Received a gift from Trog
  8302 | D        | Received a gift from Trog
  8360 | D        | Found Itue's Armour Boutique.
  8444 | D        | Noticed a black draconian knight
  8450 | D        | Killed a black draconian knight
  8455 | D        | Reached skill level 27 in Armour
  8457 | D        | Received a gift from Trog
  8508 | D        | Noticed an Executioner
  8511 | D        | Killed an Executioner
  8533 | D        | Noticed Nessos
  8545 | D        | Killed Nessos
  8545 | D        | Received a gift from Trog
  8684 | D        | Reached XP level 15. HP: 174/174 MP: 14/14
  8690 | D        | Gained mutation: You are weak. (Str -2) [a shining eye]
  8697 | D        | Noticed a deep elf blademaster
  8697 | D        | Noticed a deep elf blademaster
  8709 | D        | Killed a deep elf blademaster
  8709 | D        | Received a gift from Trog
  8768 | D        | Killed a deep elf blademaster
  9324 | D        | Reached skill level 5 in Evocations
  9326 | D        | Reached skill level 15 in Dodging
  9491 | D        | Received a gift from Trog
  9514 | D        | Noticed Nikola
  9514 | D        | Noticed a storm dragon
  9523 | D        | Killed a storm dragon
  9529 | D        | Killed Nikola
  9529 | D        | Received a gift from Trog
 10010 | D        | Received a gift from Trog
 10231 | D        | Bought a scroll of identify for 26 gold pieces
 10231 | D        | Bought a scroll of identify for 26 gold pieces
 10250 | D        | Noticed a deep elf blademaster
 10296 | D        | Killed a deep elf blademaster
 10323 | D        | Identified the ring of the Sun {rN+ Will+ Str+5 Int+2
                  | Slay-6}
 10323 | D        | Identified the ring of Aquel {rPois rN+ Str+3 Int+4}
 10325 | D        | Identified the ring of Qukkuaj {Will+ rCorr Str+4 Int+2}
 10331 | D        | Identified the +9 battleaxe of Cocytus {venom, rF++ Str+3}
 10525 | D        | Noticed Sojobo
 10531 | D        | Reached skill level 15 in Stealth
 10537 | D        | Paralysed by an air elemental for 1 turns
 10543 | D        | Paralysed by an air elemental for 1 turns
 10545 | D        | Killed Sojobo
 10545 | D        | Received a gift from Trog
 10647 | D        | Noticed a lich
 10649 | D        | Killed a lich
 10709 | D        | Received a gift from Trog
 10716 | D        | Noticed a shadow dragon
 10716 | D        | Noticed a shadow dragon
 10726 | D        | Killed a shadow dragon
 10727 | D        | Reached skill level 10 in Evocations
 10738 | D        | Killed a shadow dragon
 10741 | D        | Received a gift from Trog
 10894 | D        | Noticed a fire giant
 10894 | D        | Noticed a fire giant
 10894 | D        | Noticed a titan
 10894 | D        | Noticed a frost giant
 10894 | D        | Noticed a quicksilver dragon
 10901 | D        | Noticed a golden dragon
 10904 | D        | Killed a fire giant
 10904 | D        | Received a gift from Trog
 10904 | D        | Killed a quicksilver dragon
 10904 | D        | Killed a fire giant
 10905 | D        | Received a gift from Trog
 10905 | D        | Killed a titan
 10906 | D        | Reached XP level 16. HP: 173/183 MP: 15/15
 10909 | D        | Received a gift from Trog
 10917 | D        | Received a gift from Trog
 10924 | D        | Killed a golden dragon
 10989 | D        | Found the +6 arbalest "Damnation" {damnation}
 10995 | D        | Got a silver rune of Zot
 11007 | D        | Identified the +1 leather armour "Zoix" {Rampage Fly rN++
                  | Stlth-}
 11016 | D        | Identified the amulet of Temperance {Faith rPois rCorr
                  | Int-2}
 11033 | D        | Identified the +8 war axe of Zixiph {drain, rF- rCorr Str+3
                  | SInv}
 11264 | D        | Noticed Nellie
 11278 | D        | Killed Nellie
 11288 | D        | Got a demonic rune of Zot
 11416 | D        | Noticed Mara
 11425 | D        | Killed Mara
 11429 | D        | Received a gift from Trog
 11521 | D        | Noticed an ancient champion
 11522 | D        | Killed an ancient champion
 11523 | D        | Identified the +7 short sword of the Dark Horse {freeze,
                  | rN++ Int-5 Dex+6}
 11552 | D        | Noticed Mennas
 11587 | D        | Killed Mennas
 11828 | D        | Received a gift from Trog
 11829 | D        | Reached skill level 15 in Evocations
 11985 | D        | Noticed Geryon
 11989 | D        | Received a gift from Trog
 12007 | D        | Killed Geryon
 12103 | D        | Noticed an iron giant
 12121 | D        | Received a gift from Trog
 12130 | D        | Killed an iron giant
 12704 | D        | Identified the +12 glaive of Ambiguity {flame, Will+ Str+5}
                  | (Trog gifted it to you in the Dungeon)
 12704 | D        | Received a gift from Trog
 12725 | D        | Noticed a Hell Sentinel
 12737 | D        | Killed a Hell Sentinel
 12743 | D        | Identified the +1 chain mail of Fam Meotzu {Dex+2}
 12743 | D        | Identified the +4 buckler of Uskayaw's Condemnation {Str+3}
 13218 | D        | Acquired the +1 pair of boots of Hasontem {Rampage MP+9}
 13310 | D        | Noticed a sphinx
 13310 | D        | Noticed a sphinx
 13316 | D        | Killed a sphinx
 13320 | D        | Killed a sphinx
 13320 | D        | Received a gift from Trog
 13726 | D        | Reached skill level 5 in Shields
 13748 | D        | Received a gift from Trog
 14029 | D        | Gained mutation: You sometimes lose the ability to read
                  | scrolls when taking damage. [mutagenic glow]
 14041 | D        | Gained mutation: You occasionally shout uncontrollably at
                  | your foes. [mutagenic glow]
 14051 | D        | Lost mutation: You sometimes lose the ability to read
                  | scrolls when taking damage. [potion of mutation]
 14051 | D        | Lost mutation: You are weak. (Str -2) [potion of mutation]
 14051 | D        | Lost mutation: You occasionally shout uncontrollably at
                  | your foes. [potion of mutation]
 14051 | D        | Gained mutation: Your muscles are strong. (Str +2) [potion
                  | of mutation]
 14051 | D        | Lost mutation: Your muscles are strong. (Str +2) [potion of
                  | mutation]
 14429 | D        | Noticed a royal mummy
 14429 | D        | Noticed a royal mummy
 14431 | D        | Received a gift from Trog
 14431 | D        | Received a gift from Trog
 14432 | D        | Reached XP level 17. HP: 40/191 MP: 16/16
 14851 | D        | Killed a royal mummy
 14862 | D        | Killed a royal mummy
 14863 | D        | Reached skill level 10 in Shields
 14874 | D        | Received a gift from Trog
 14938 | D        | Got a golden rune of Zot
 15032 | D        | Acquired the +0 hat of the Boiling Point {Int+6 SInv}
 15035 | D        | Acquired 1105 gold pieces
 15115 | D        | Bought a scroll of identify for 22 gold pieces
 15115 | D        | Bought a scroll of identify for 22 gold pieces
 15119 | D        | Bought a scroll of enchant weapon for 105 gold pieces
 15119 | D        | Bought a scroll of blinking for 105 gold pieces
 15119 | D        | Bought a scroll of holy word for 105 gold pieces
 15119 | D        | Bought a potion of heal wounds for 70 gold pieces
 15267 | D        | Noticed an acid blob
 15275 | D        | Killed an acid blob
 15454 | D        | Gained mutation: You do not regenerate when monsters are
                  | visible. [a shining eye]
 15546 | D        | Lost mutation: You do not regenerate when monsters are
                  | visible. [potion of mutation]
 15546 | D        | Gained mutation: Your system is resistant to poisons.
                  | (rPois) [potion of mutation]
 15546 | D        | Gained mutation: You have sharp toenails. [potion of
                  | mutation]
 15546 | D        | Gained mutation: You have supernaturally acute eyesight.
                  | (SInv) [potion of mutation]
 15546 | D        | Gained mutation: You possess an exceptional clarity of
                  | mind. [potion of mutation]
 15851 | D        | Identified the +12 trident of Hilinol {vorpal, rC+} (Trog
                  | gifted it to you in the Dungeon)
 15851 | D        | Received a gift from Trog
 15949 | D        | Noticed the Royal Jelly
 15957 | D        | Noticed an acid blob
 15958 | D        | Noticed an acid blob
 15962 | D        | Noticed an acid blob
 15963 | D        | Noticed an acid blob
 15964 | D        | Killed the Royal Jelly
 15965 | D        | Reached skill level 27 in Stealth
 15971 | D        | Killed an acid blob
 15978 | D        | Killed an acid blob
 15986 | D        | HP: 13/286 [rockslime[the Royal Jelly] (26)]
 15988 | D        | Demolished by a rockslime

Illustrated notes

Levels and vault maps discovered:
D:        dungeon_sprint_mu [sprint_mu_entry_forest, sprint_mu_temple_rooms,
          sprint_mu_d1_horrors, sprint_mu_d2_genie, sprint_mu_d3_branching,
          sprint_mu_orc_legion, sprint_mu_elf_gauntlet, sprint_mu_hive_nellie,
          sprint_mu_lair_fedhas, sprint_mu_vaults_butterflies,
          sprint_mu_slime_circle, sprint_mu_shoals_archi,
          sprint_mu_snake_twists, sprint_mu_blade_basic, sprint_mu_crypt_lich,
          sprint_mu_tomb_spiral, sprint_mu_vestibule_basic,
          sprint_mu_gehenna_hellfire, sprint_mu_dis_giant,
          sprint_mu_tartarus_statrot, sprint_mu_cocytus_islands, sprint_mu_zot1]

Skill      XL: |  1  2  3  4  5  6  7  8  9 10 11 12 13 14 15 16 17 |
---------------+----------------------------------------------------+-----
Fighting       | 5 7 8 11 13 14 16 19 21 24 26 27 | 27.0
Polearms       | 5 8 13 14 16 18 20 23 25 27 | 27.0
Armour         | 3 4 6 7 9 11 13 15 18 27 | 27.0
Dodging        | 3 4 6 7 8 9 10 13 20 22 23 | 23.1
Stealth        | 1 2 3 4 7 9 12 20 25 27 | 27.0
Evocations     | 1 2 3 12 17 18 | 18.4
Throwing       | 1 3 |  3.3
Shields        | 8 12 | 12.5

Action                   |  1- 3 |  4- 6 |  7- 9 | 10-12 | 13-15 | 16-18 || total
-------------------------+-------+-------+-------+-------+-------+-------++-------
Melee: Spear             |    23 |    19 |   154 |     4 |       |       ||   200
       Headbutt          |     2 |     1 |    17 |    25 |    94 |    69 ||   208
       Punch             |       |       |     1 |       |       |       ||     1
       Glaive            |       |       |       |   228 |   480 |   277 ||   985
Throw: Javelin           |       |       |       |     1 |       |    10 ||    11
Invok: Berserk           |     2 |     3 |     5 |    10 |    16 |     8 ||    44
       Brothers in Arms  |       |       |       |       |     1 |     2 ||     3
       Trog's Hand       |       |       |       |       |       |     2 ||     2
Evoke: Wand              |       |     1 |       |     4 |       |     5 ||    10
       Tin of tremorston |       |       |       |       |     8 |     2 ||    10
  Use: Scroll            |     2 |       |       |       |     7 |     8 ||    17
       Potion            |       |       |       |     3 |     1 |    13 ||    17
 Stab: Sleeping          |       |       |       |     4 |     5 |     8 ||    17
       Invisible         |       |       |       |       |     1 |       ||     1
       Distracted        |       |       |       |       |     1 |     5 ||     6
Armor: Animal skin       |     2 |       |       |       |       |       ||     2
       Scale mail        |       |       |     9 |    27 |     3 |       ||    39
       Plate armour      |       |       |       |       |   184 |   103 ||   287
Dodge: Dodged            |     4 |     4 |     9 |    68 |   170 |   138 ||   393

Table legend: (Time is in decaauts) A = Elapsed time spent in this place. B = Non-inter-level travel time spent in this place. C = Inter-level travel time spent in this place. D = Time resting spent in this place. E = Time spent auto-exploring this place. F = Levels seen in this place. G = Mean time per level. A B C D E F G +--------+--------+--------+--------+--------+-----+--------+ Total | 16047 | 15832 | 215 | 10779 | 471 | 1 | 16047.0 | Dungeon | 16047 | 15832 | 215 | 10779 | 471 | 1 | 16047.0 | +--------+--------+--------+--------+--------+-----+--------+

Top non-repeatable levels by time:
       D: 16047 daAuts
